AoeStats
← Gripen

Black Forest

511007780Analyzed
4v4 RM · 11h ago on Oct 3, 2026· 44m 39s· 8 players
Game mode
Random Map
Map size
Large (8 player)
Population
200
Speed
Normal
Resources
Standard
Victory
Conquest
Starting age
Dark Age
Ending age
Imperial Age
RankedLock teamsTeams togetherTeam positionsShared explorationLock speedFull tech treeHidden civsTurbo modeCheats
Victory
Defeat
🇨🇳 Mongols · China
1474
+15
🇬🇧 Bohemians · United Kingdom
1453
+15
🇨🇳 Mapuche · China
1451
+15
🇺🇸 Chinese · United States
1439
+16
🇸🇪 Varangians · Sweden
1495
-17
🇦🇺 Britons · Australia
1459
-16
🇸🇪 Teutons · Sweden
1445
-16
🇹🇼 Persians · Taiwan
1361
-12
Hope
0:33 Loom
9:25 Feudal Age
14:52 Double-Bit Axe
14:49 Horse Collar
19:25 Castle Age
22:08 Heavy Plow
22:20 Bow Saw
22:04 Stone Mining
22:05 Gold Mining
27:56 Stone Shaft Mining
28:02 Caravan
28:56 Wheelbarrow
34:23 Imperial Age
32:44 Gold Shaft Mining
33:40 Hand Cart
33:21 Fletching
33:32 Padded Archer Armor
33:53 Ballistics
34:57 Bodkin Arrow
35:17 Leather Archer Armor
36:38 Chemistry
35:40 Bracer
36:44 Elite Chu Ko Nu
37:44 Conscription
38:31 Ring Archer Armor
38:15 Masonry
42:06 Conscription
爱上层楼
2:06 Loom
10:43 Feudal Age
14:44 Castle Age
12:59 Double-Bit Axe
12:57 Horse Collar
15:42 Bow Saw
16:00 Heavy Plow
20:26 Wheelbarrow
20:36 Loom
22:13 Gold Mining
23:00 Hand Cart
23:42 Gold Shaft Mining
23:37 Stone Mining
28:17 Imperial Age
27:29 Stone Shaft Mining
26:47 Fletching
26:57 Padded Archer Armor
27:30 Bodkin Arrow
27:57 Ballistics
27:51 Treadmill Crane
29:02 Leather Archer Armor
28:31 Elite Bolas Rider
30:18 Chemistry
29:24 Siege Engineers
29:51 Butalmapu
30:54 Ring Archer Armor
31:27 Coinage
34:02 Malon
34:10 Town Watch
36:55 Forging
37:29 Conscription
40:08 Iron Casting
40:21 Elite Kona
42:30 Blast Furnace
zhimao031003
0:42 Loom
10:24 Feudal Age
14:57 Castle Age
13:28 Double-Bit Axe
22:09 Bow Saw
26:10 Fletching
26:58 Town Watch
27:45 Gold Mining
30:27 Gold Shaft Mining
30:31 Wheelbarrow
33:45 Imperial Age
32:20 Masonry
33:46 Ballistics
33:47 Bodkin Arrow
33:53 Padded Archer Armor
35:10 Bracer
35:22 Bloodlines
35:13 Husbandry
36:23 Chemistry
36:10 Stone Mining
36:43 Conscription
37:09 Leather Archer Armor
36:57 Capped Ram
37:01 Elite Mangudai
38:19 Thumb Ring
38:40 Parthian Tactics
39:51 Drill
39:01 Siege Ram
40:43 Siege Engineers
44:45 Stone Shaft Mining
Frankie Fast Hands
11:05 Feudal Age
14:51 Castle Age
13:01 Double-Bit Axe
13:48 Horse Collar
20:01 Loom
22:34 Wheelbarrow
26:27 Imperial Age
24:26 Fervor
25:31 Bow Saw
27:31 Chemistry
26:55 Fletching
30:03 Hand Cart
30:57 Siege Engineers
30:36 Pikeman
31:44 Bombard Tower
31:24 Halberdier
32:03 Houfnice
37:08 Scale Mail Armor
37:18 Forging
38:48 Chain Mail Armor
40:53 Plate Mail Armor
40:59 Iron Casting
44:50 Blast Furnace
Vinkz
0:48 Loom
12:32 Feudal Age
16:39 Castle Age
15:35 Double-Bit Axe
17:34 Bow Saw
18:13 Fletching
18:18 Horse Collar
20:43 Wheelbarrow
25:06 Gold Mining
29:42 Imperial Age
28:10 Hand Cart
28:31 Bodkin Arrow
32:08 Warwolf
33:55 Chemistry
33:15 Ballistics
33:40 Conscription
34:13 Siege Engineers
35:06 Ballistics
36:16 Bracer
38:11 Padded Archer Armor
43:15 Pikeman
43:55 Squires
44:32 Scale Mail Armor
44:43 Forging
43:56 Halberdier
chengaopeng044
0:43 Loom
0:43 Loom
10:49 Feudal Age
14:38 Castle Age
12:58 Double-Bit Axe
14:42 Forging
20:48 Wheelbarrow
22:02 Hand Cart
22:27 Bow Saw
24:30 Bloodlines
24:07 Horse Collar
24:30 Town Watch
25:34 Stone Mining
28:56 Heavy Plow
29:06 Scale Barding Armor
29:50 Gold Mining
30:03 Crossbowman
30:04 Elite Skirmisher
31:52 Fletching
32:03 Padded Archer Armor
33:08 Bodkin Arrow
34:17 Ballistics
38:48 Imperial Age
36:36 Leather Archer Armor
39:38 Conscription
40:25 Chemistry
41:29 Husbandry
42:01 Ring Archer Armor
41:40 Heavy Camel Rider
43:20 Iron Casting
45:16 Blast Furnace
Gripen
1:40 Loom
12:10 Feudal Age
15:24 Town Watch
18:29 Castle Age
17:19 Fletching
18:24 Double-Bit Axe
18:20 Horse Collar
20:27 Bodkin Arrow
25:44 Imperial Age
24:20 Bow Saw
26:49 Bracer
30:42 Conscription
32:54 Wheelbarrow
38:25 Ballistics
41:18 Conscription
44:03 Heavy Plow
45:04 Two-Man Saw
45:28 Hand Cart
KalasKula
10:39 Feudal Age
14:21 Castle Age
12:26 Double-Bit Axe
15:33 Bow Saw
15:28 Horse Collar
18:52 Wheelbarrow
19:38 Heavy Plow
21:33 Hand Cart
23:37 Gold Mining
27:40 Imperial Age
25:02 Loom
25:27 Stone Mining
26:59 Scale Mail Armor
27:10 Forging
27:40 Caravan
28:13 Chain Mail Armor
27:42 Pikeman
27:45 Onager
29:29 Chemistry
29:08 Squires
28:46 Halberdier
30:42 Two-Man Saw
29:36 Town Watch
30:24 Plate Mail Armor
31:18 Siege Engineers
31:49 Scale Barding Armor
32:19 Iron Casting
32:20 Cavalier
33:10 Bloodlines
35:18 Chain Barding Armor
36:37 Plate Barding Armor
37:21 Blast Furnace
39:11 Paladin
40:52 Bombard Tower
40:53 Ballistics
40:58 Fletching
44:25 Coinage
Connection lost

Rejoining the realm…

Still unreachable

The connection could not be restored.

Session expired

The server has moved on; the page needs a fresh start.